BR
ONTARIO EMUS @ WATERTOWN HEADHUNTERS
08/30/2026
 
TOP OF THE 1ST
Ontario Emus batting - Pitching for Watertown Headhunters : RHP Rob Woods
Pitching: RHP Rob Woods
Batting: RHB Álex Ochoa 0-0: Called Strike
0-1: Ball
1-1: Foul Ball, location: 2F
1-2: Ball
2-2: SINGLE (Groundball, 34D)
Batting: RHB Ánibal Soto 0-0: Called Strike
0-1: Ball
1-1: Ball
2-1: Foul Ball, location: 2F
2-2: Fly out, F4 (Popup, 9S)
Batting: RHB James Hunter 0-0: Ball
Álex Ochoa steals 2nd base
1-0: Called Strike
Álex Ochoa steals 3rd base
1-1: Ball
2-1: Swinging Strike
2-2: Strikes out looking
Batting: RHB Gustavo Medine 0-0: Ball
1-0: Called Strike
1-1: Fly out, F9 (Flyball, 9M)
Top of the 1st over - 0 run(s), 1 hit(s), 0 error(s), 1 left on base; Ontario 0 - Watertown 0
BOTTOM OF THE 1ST
Watertown Headhunters batting - Pitching for Ontario Emus : RHP Manuel Trujillo
Pitching: RHP Manuel Trujillo
Batting: RHB Norberto Márquez 0-0: Foul Ball, location: 2F
0-1: SINGLE (Groundball, 6MD)
Batting: RHB Daniel Martínez 0-0: Ball
1-0: Swinging Strike
1-1: Ball
2-1: Grounds into double play, 4-6-3 (Groundball, 4)
Batting: RHB Luis Montoya 0-0: Ball
1-0: Called Strike
1-1: Ball
2-1: Ball
3-1: Swinging Strike
3-2: Foul Ball, location: 2F
3-2: Foul Ball, location: 2F
3-2: Strikes out swinging
Bottom of the 1st over - 0 run(s), 1 hit(s), 0 error(s), 0 left on base; Ontario 0 - Watertown 0
TOP OF THE 2ND
Ontario Emus batting - Pitching for Watertown Headhunters : RHP Rob Woods
Batting: RHB Álex Martínez 0-0: Foul Ball, location: 2F
0-1: Ball
1-1: Ball
2-1: Foul Ball, location: 2F
2-2: Strikes out swinging
Batting: SHB Darrel Lang 0-0: Called Strike
0-1: SOLO HOME RUN (Flyball, 89XD), Distance : 420 ft
Batting: RHB Albert Galindo 0-0: Called Strike
0-1: Foul Ball, location: 2F
0-2: Strikes out swinging
Batting: LHB Dave Raines 0-0: Ground out U3 (Groundball, 3)
Top of the 2nd over - 1 run(s), 1 hit(s), 0 error(s), 0 left on base; Ontario 1 - Watertown 0
BOTTOM OF THE 2ND
Watertown Headhunters batting - Pitching for Ontario Emus : RHP Manuel Trujillo
Batting: LHB Wally Harris 0-0: Called Strike
0-1: Ball
1-1: Foul Ball, location: 2F
1-2: Ball
2-2: Ball
3-2: Foul Ball, location: 2F
3-2: SINGLE (Flyball, 89S)
Batting: LHB Burt Ward 0-0: Ball
1-0: Fielders Choice at 2nd, 4-6 (Groundball, 34)
Batting: RHB José Maldonado 0-0: Ball
1-0: Ball
2-0: Grounds into double play, 4-6-3 (Groundball, 34)
Bottom of the 2nd over - 0 run(s), 1 hit(s), 0 error(s), 0 left on base; Ontario 1 - Watertown 0
TOP OF THE 3RD
Ontario Emus batting - Pitching for Watertown Headhunters : RHP Rob Woods
Batting: LHB Elvin Summers 0-0: Called Strike
0-1: Swinging Strike
0-2: Strikes out swinging
Batting: RHB Álex Ochoa 0-0: Called Strike
0-1: Foul Ball, location: 2F
0-2: Strikes out swinging
Batting: RHB Ánibal Soto 0-0: Called Strike
0-1: Ball
1-1: Called Strike
1-2: Ball
2-2: Strikes out looking
Top of the 3rd over - 0 run(s), 0 hit(s), 0 error(s), 0 left on base; Ontario 1 - Watertown 0
BOTTOM OF THE 3RD
Watertown Headhunters batting - Pitching for Ontario Emus : RHP Manuel Trujillo
Batting: RHB Ira Ross 0-0: Ball
1-0: Called Strike
1-1: Foul Ball, location: 2F
1-2: Ball
2-2: Foul Ball, location: 2F
2-2: Ball
3-2: Base on Balls
Batting: RHB Andrew Deal 0-0: Ball
1-0: Foul Ball, location: 2F
1-1: Foul Ball, location: 2F
1-2: Fly out, F9 (Flyball, 9M)
Batting: RHB Joe Salas 0-0: Ball
1-0: Ball
Wild Pitch!
Ira Ross to second
2-0: Called Strike
2-1: Ball
3-1: Base on Balls
Batting: RHB Norberto Márquez 0-0: Swinging Strike
0-1: Swinging Strike
0-2: Ball
1-2: Ball
2-2: Foul Ball, location: 2F
2-2: Ground out 6-3 (Groundball, 6S)
Ira Ross to third
Joe Salas to second
Batting: RHB Daniel Martínez 0-0: Called Strike
0-1: Foul Ball, location: 2F
0-2: Ball
1-2: SINGLE (Line Drive, 5D)
Ira Ross scores
Joe Salas to third
Runner from 3rd tries for Home, throw and OUT!
Bottom of the 3rd over - 1 run(s), 1 hit(s), 0 error(s), 1 left on base; Ontario 1 - Watertown 1
TOP OF THE 4TH
Ontario Emus batting - Pitching for Watertown Headhunters : RHP Rob Woods
Batting: RHB James Hunter 0-0: Fly out, F5 (Popup, 5L)
Batting: RHB Gustavo Medine 0-0: Foul Ball, location: 2F
0-1: Foul Ball, location: 2F
0-2: Ball
1-2: Ground out 5-3 (Groundball, 56)
Batting: RHB Álex Martínez 0-0: Fly out, F3 (Popup, 23F)
Top of the 4th over - 0 run(s), 0 hit(s), 0 error(s), 0 left on base; Ontario 1 - Watertown 1
BOTTOM OF THE 4TH
Watertown Headhunters batting - Pitching for Ontario Emus : RHP Manuel Trujillo
Batting: RHB Luis Montoya 0-0: Ball
1-0: TRIPLE (Flyball, 7M)
Batting: LHB Wally Harris 0-0: Called Strike
0-1: Swinging Strike
0-2: Ball
1-2: Ball
2-2: Foul Ball, location: 2F
2-2: Ball
3-2: Fly out, F7 (Flyball, 7S)
Batting: LHB Burt Ward 0-0: Ball
1-0: Ball
2-0: Ball
3-0: Base on Balls
Batting: RHB José Maldonado 0-0: Called Strike
0-1: Ball
Burt Ward is caught stealing 2nd base
1-1: Ball
2-1: Swinging Strike
2-2: Strikes out looking
Bottom of the 4th over - 0 run(s), 1 hit(s), 0 error(s), 1 left on base; Ontario 1 - Watertown 1
TOP OF THE 5TH
Ontario Emus batting - Pitching for Watertown Headhunters : RHP Rob Woods
Batting: SHB Darrel Lang 0-0: Foul Ball, location: 2F
0-1: Ball
1-1: Foul Ball, location: 2F
1-2: Fly out, F8 (Line Drive, 8RM)
Batting: RHB Albert Galindo 0-0: Ball
1-0: Ball
2-0: Ball
3-0: Base on Balls
Batting: LHB Dave Raines 0-0: Ball
1-0: Foul Ball, location: 2F
1-1: Called Strike
1-2: Ball
2-2: Ball
3-2: Base on Balls
Albert Galindo to second
Batting: LHB Elvin Summers 0-0: Ball
1-0: Fly out, F7 (Flyball, 7M)
Batting: RHB Álex Ochoa 0-0: Called Strike
0-1: Fly out, F7 (Flyball, 7M)
Top of the 5th over - 0 run(s), 0 hit(s), 0 error(s), 2 left on base; Ontario 1 - Watertown 1
BOTTOM OF THE 5TH
Watertown Headhunters batting - Pitching for Ontario Emus : RHP Manuel Trujillo
Batting: RHB Ira Ross 0-0: Ball
1-0: Ball
2-0: Ball
3-0: Base on Balls
Batting: RHB Andrew Deal 0-0: SINGLE (Groundball, 4D)
Ira Ross to second
Runner from 2nd tries for 3rd, SAFE, throw made to third
Batting: RHB Joe Salas 0-0: Ball
1-0: Ball
2-0: Called Strike
2-1: Foul Ball, location: 2F
2-2: Foul Ball, location: 2F
2-2: Ball
3-2: DOUBLE (Line Drive, 7LS)
Ira Ross scores
Andrew Deal to third
Pitching: RHP Héctor Villegas
Batting: RHB Norberto Márquez 0-0: Ball
1-0: Ball
2-0: Fly out, F8 (Flyball, 8RM)
Runner from 3rd tags up, SCORES, no throw
Batting: RHB Daniel Martínez 0-0: Called Strike
0-1: Ball
1-1: Called Strike
1-2: Ball
2-2: Ground out 5-3 (Groundball, 56S)
Joe Salas to third
Batting: RHB Luis Montoya 0-0: Called Strike
0-1: Ball
1-1: Ball
2-1: SINGLE (Groundball, 56D)
Joe Salas scores
Batting: LHB Wally Harris 0-0: Called Strike
0-1: Called Strike
0-2: Ball
1-2: Fly out, F7 (Flyball, 7S)
Bottom of the 5th over - 3 run(s), 3 hit(s), 0 error(s), 1 left on base; Ontario 1 - Watertown 4
TOP OF THE 6TH
Ontario Emus batting - Pitching for Watertown Headhunters : RHP Rob Woods
Batting: RHB Ánibal Soto 0-0: Ball
1-0: Called Strike
1-1: Fly out, F3 (Popup, 3F)
Batting: RHB James Hunter 0-0: Ball
1-0: Ball
2-0: Called Strike
2-1: SINGLE (Flyball, 8LS)
Batting: RHB Gustavo Medine 0-0: Called Strike
0-1: Called Strike
0-2: Ball
1-2: Strikes out swinging
Batting: RHB Álex Martínez 0-0: Hit by Pitch
James Hunter to second
Batting: SHB Darrel Lang 0-0: DOUBLE (Line Drive, 8RS)
James Hunter scores
Álex Martínez to third
Runner from 3rd tries for Home, SAFE, no throw or cutoff
Batting: RHB Albert Galindo 0-0: Ball
1-0: Ball
2-0: Foul Ball, location: 2F
2-1: Swinging Strike
2-2: Foul Ball, location: 2F
2-2: Ground out 6-3 (Groundball, 6M)
Top of the 6th over - 2 run(s), 2 hit(s), 0 error(s), 1 left on base; Ontario 3 - Watertown 4
BOTTOM OF THE 6TH
Watertown Headhunters batting - Pitching for Ontario Emus : RHP Héctor Villegas
Batting: LHB Burt Ward 0-0: Called Strike
0-1: Foul Ball, location: 2F
0-2: Strikes out swinging
Batting: RHB José Maldonado 0-0: Fly out, F2 (Popup, 2LF)
Batting: RHB Ira Ross 0-0: Ball
1-0: Ground out 2-3 (Groundball, 2R)
Bottom of the 6th over - 0 run(s), 0 hit(s), 0 error(s), 0 left on base; Ontario 3 - Watertown 4
TOP OF THE 7TH
Ontario Emus batting - Pitching for Watertown Headhunters : RHP Rob Woods
Pitching: LHP Dan Brown
Batting: LHB Dave Raines 0-0: Swinging Strike
0-1: Ball
1-1: Foul Ball, location: 2F
1-2: Ball
2-2: Strikes out swinging
Batting: LHB Elvin Summers 0-0: Ball
1-0: Ground out 4-3 (Groundball, 4)
Batting: RHB Álex Ochoa 0-0: Ball
1-0: Ball
2-0: Called Strike
2-1: Foul Ball, location: 2F
2-2: SINGLE (Line Drive, 6M)
Pinch Hitting: RHB Vernon Sterling 0-0: Swinging Strike
0-1: Ball
1-1: Ball
2-1: SINGLE (Line Drive, 9S)
Álex Ochoa to second
Batting: RHB James Hunter 0-0: Ball
Wild Pitch!
Álex Ochoa to third
Vernon Sterling to second
1-0: Ball
2-0: Called Strike
2-1: Called Strike
2-2: Ball
3-2: Base on Balls
Batting: RHB Gustavo Medine 0-0: Swinging Strike
0-1: DOUBLE (Flyball, 7D)
Álex Ochoa scores
Vernon Sterling scores
James Hunter to third
Batting: RHB Álex Martínez 0-0: Intentional Walk
Pinch Hitting: RHB Carlos Estrada 0-0: Ball
1-0: Called Strike
1-1: Swinging Strike
1-2: Ball
2-2: Foul Ball, location: 2F
2-2: Ball
3-2: SINGLE (Line Drive, 8LS)
James Hunter scores
Gustavo Medine to third
Álex Martínez to second
Gustavo Medine scores
Álex Martínez to third
Pitching: RHP Ricardo Gutiérrez
Batting: RHB Albert Galindo 0-0: Ball
1-0: Ball
2-0: Ball
3-0: Foul Ball, location: 2F
3-1: Base on Balls
Carlos Estrada to second
Batting: LHB Dave Raines 0-0: Swinging Strike
0-1: Ball
1-1: Ball
2-1: Foul Ball, location: 2F
2-2: Ball
3-2: Foul Ball, location: 2F
3-2: Strikes out swinging
Top of the 7th over - 4 run(s), 4 hit(s), 0 error(s), 3 left on base; Ontario 7 - Watertown 4
BOTTOM OF THE 7TH
Watertown Headhunters batting - Pitching for Ontario Emus : RHP Héctor Villegas
Pitching: LHP José Reyes
Now at 1B: Vernon Sterling
Now at 2B: Jack Crossey
Batting: RHB Andrew Deal 0-0: Ground out 4-3 (Groundball, 4)
Batting: RHB Joe Salas 0-0: Ball
1-0: Swinging Strike
1-1: Fly out, F5 (Popup, 5SF)
Batting: RHB Norberto Márquez 0-0: Ground out 5-3 (Groundball, 5S)
Bottom of the 7th over - 0 run(s), 0 hit(s), 0 error(s), 0 left on base; Ontario 7 - Watertown 4
TOP OF THE 8TH
Ontario Emus batting - Pitching for Watertown Headhunters : RHP Ricardo Gutiérrez
Batting: LHB Elvin Summers 0-0: Called Strike
0-1: Swinging Strike
0-2: Ball
1-2: Strikes out swinging
Batting: RHB Álex Ochoa 0-0: Foul Ball, location: 2F
0-1: Ball
1-1: Ball
2-1: SINGLE (Line Drive, 7LM)
Batting: RHB Vernon Sterling 0-0: Called Strike
Álex Ochoa steals 2nd base
0-1: SINGLE (Groundball, 5D)
Álex Ochoa to third
Runner from 3rd tries for Home, throw and OUT!
Vernon Sterling to second
Batting: RHB James Hunter 0-0: Foul Ball, location: 2F
0-1: Ball
1-1: Fly out, F9 (Flyball, 89M)
Top of the 8th over - 0 run(s), 2 hit(s), 0 error(s), 1 left on base; Ontario 7 - Watertown 4
BOTTOM OF THE 8TH
Watertown Headhunters batting - Pitching for Ontario Emus : LHP José Reyes
Batting: RHB Daniel Martínez 0-0: Ball
1-0: Foul Ball, location: 2F
1-1: Foul Ball, location: 2F
1-2: Ground out 5-3 (Groundball, 56S)
Batting: RHB Luis Montoya 0-0: SINGLE (Line Drive, 78S)
Pitching: LHP Albert Martin
Batting: LHB Wally Harris 0-0: Called Strike
0-1: Swinging Strike
0-2: Foul Ball, location: 2F
0-2: Strikes out looking
Batting: LHB Burt Ward 0-0: Called Strike
0-1: Fly out, F8 (Flyball, 8RM)
Bottom of the 8th over - 0 run(s), 1 hit(s), 0 error(s), 1 left on base; Ontario 7 - Watertown 4
TOP OF THE 9TH
Ontario Emus batting - Pitching for Watertown Headhunters : RHP Ricardo Gutiérrez
Pitching: RHP Luis García
Batting: RHB Gustavo Medine 0-0: Ball
1-0: Ball
2-0: Called Strike
2-1: Ground out 6-3 (Groundball, 6S)
Batting: RHB Álex Martínez 0-0: Foul Ball, location: 2F
0-1: Ball
1-1: Swinging Strike
1-2: Strikes out swinging
Batting: RHB Jack Crossey 0-0: Ball
1-0: Called Strike
1-1: Ball
2-1: Ground out 5-3 (Groundball, 56)
Top of the 9th over - 0 run(s), 0 hit(s), 0 error(s), 0 left on base; Ontario 7 - Watertown 4
BOTTOM OF THE 9TH
Watertown Headhunters batting - Pitching for Ontario Emus : LHP Albert Martin
Pitching: LHP Walt MacKey
Batting: RHB José Maldonado 0-0: Ball
1-0: Ball
2-0: SINGLE (Groundball, 4M)
Batting: RHB Ira Ross 0-0: Ball
1-0: Foul Ball, location: 2F
1-1: Ball
2-1: Ball
3-1: SINGLE (Groundball, 4M)
José Maldonado to second
Pinch Hitting: RHB Dave Boom 0-0: Swinging Strike
0-1: Ball
1-1: Ball
2-1: Foul Ball, location: 2F
2-2: Ball
3-2: Foul Ball, location: 2F
3-2: Foul Ball, location: 2F
3-2: Strikes out swinging
Pinch Hitting: RHB Millard Walker 0-0: Ball
1-0: Ball
2-0: Called Strike
2-1: Grounds into double play, 6-4-3 (Groundball, 6)
Bottom of the 9th over - 0 run(s), 2 hit(s), 0 error(s), 1 left on base; Ontario 7 - Watertown 4
Monday, December 5th, 2016 - OOTP Baseball 17.12 Build 75